Cogmind - Beta 13 @@@ ROGUE MODE // 2024.07.31 @ 20:38:25 Player: DAFFA Result: Self-destructed Performance ------------- Evolutions (2) 1000 Regions Visited (4) 800 Robots Destroyed (41) 205 Value Destroyed (1099) 1099 Prototype IDs (7) 140 Alien Tech Used (0) 0 Bonus (171) 171 TOTAL SCORE: 3415 Bonus ------- Follower Combat Kills 190 Friendly Fire -19 Cogmind --------- Core Integrity 59/550 Matter 118/300 Energy 100/100 System Corruption 0% Temperature Cool (27) Movement Core (200) Ox3 Location -8/Storage Parts ------- > --- POWER (1) -------- (None) > --- PROPULSION (2) --- (None) > --- UTILITY (6) ------ Medium Storage Unit Signal Interpreter Improved Terrain Scan Processor > --- WEAPON (2) ------- (None) > --- INVENTORY (10) --- Combat Airjet Trap Scanner Advanced Visual Processing Unit Improved Sensor Array ECM Suite Peak State ------------ > --- POWER ------------ Nuclear Core > --- PROPULSION ------- Wheel Improved VTOL Module > --- UTILITY ---------- Medium Storage Unit Improved Sensor Array Signal Interpreter Improved Terrain Scan Processor Target Analyzer ECM Suite > --- WEAPON ----------- Advanced Beam Cannon Enhanced Autogun > --- INVENTORY -------- Compact Wheel Advanced Visual Processing Unit Improved Sensor Array Targeting Computer Hardlight Generator Improved Light Cannon Assault Cannon Assault Cannon Improved Grenade Launcher Blade Saw [Rating: 29] Favorites ----------- Power Ion Engine Engine Ion Engine Power Core Nuclear Core Propulsion Compact Wheel Treads Improved Treads Wheel Compact Wheel Hover Unit Hover Unit Flight Unit Flight Unit Utility Improved Sensor Array Device Improved Sensor Array Storage Medium Storage Unit Processor Signal Interpreter Weapon Improved Light Cannon Energy Gun Medium Laser Energy Cannon Advanced Beam Cannon Ballistic Gun Assault Rifle Ballistic Cannon Improved Light Cannon Launcher Grenade Launcher Slashing Weapon Blade Saw Build | -11 -10 -9 -8 -8 ------- Run | Yrd Mat Mat Mat Sto Slots Evolved 4 | . . 2 2 . Power . | . . . . . Propulsion . | . . . . . Utility 4 | . . 2 2 . Weapon . | . . . . . Parts Attached 67 | 6 14 16 20 11 Power 5 | 1 1 2 1 . Engine 4 | 1 1 2 . . Core 1 | . . . 1 . Reactor . | . . . . . Propulsion 21 | 2 4 4 10 1 Treads 1 | . . . 1 . Leg . | . . . . . Wheel 13 | 2 . 3 8 . Hover 4 | . 3 . . 1 Flight 3 | . 1 1 1 . Utility 15 | 1 2 4 5 3 Device 9 | . 2 3 1 3 Storage 2 | 1 . . 1 . Processor 4 | . . 1 3 . Hackware . | . . . . . Protection . | . . . . . Artifact . | . . . . . Weapon 26 | 2 7 6 4 7 Energy Gun 9 | 2 3 1 2 1 Energy Cannon 5 | . . 3 1 1 Ballistic Gun 4 | . 2 1 1 . Ballistic Cannon 4 | . . 1 . 3 Launcher 3 | . 2 . . 1 Special Weapon . | . . . . . Impact Weapon . | . . . . . Slashing Weapon 1 | . . . . 1 Piercing Weapon . | . . . . . Special Melee Weapon . | . . . . . Unidentified Prototypes 7 | . . 3 4 . Parts Lost 23 | . 3 5 1 14 Power 2 | . . 1 . 1 Propulsion 4 | . . 2 . 2 Utility 4 | . . . 1 3 Weapon 13 | . 3 2 . 8 Highest Loss Streak 9 | . 1 2 1 9 To Critical Strikes 1 | . 1 . . . Average Slot Usage (%) 92 | . 87 92 97 78 Engine 8 | . 14 10 5 . Core 1 | . . . 3 5 Wheel 14 | . 24 9 16 9 Hover 4 | . 3 9 . . Device 25 | . 4 36 24 13 Storage 5 | . 11 . 8 9 Processor 10 | . . 3 19 26 Energy Gun 6 | . 15 7 . 4 Energy Cannon 3 | . . 2 8 . Ballistic Gun 5 | . 6 8 1 4 Ballistic Cannon 3 | . . 3 7 2 Naked Turns . | . . . . . Heaviest Build 29 | 14 15 19 29 25 Greatest Support 32 | 32 32 32 26 16 Greatest Overweight (x) 9 | . 2 1 9 6 Average Overweight (x) . | . . . 1 1 Largest Inventory Capacity 10 | 8 8 5 10 10 Average Capacity 7 | 7 7 5 9 10 Most Carried 10 | 4 5 5 10 10 Average Carried 5 | . 3 4 8 7 Final Capacity 10 | 8 5 5 10 10 Final Carried 10 | . 5 4 10 5 Class Distribution -------------------- 97% | Mutant Dominant Class ---------------- Mutant | -10/Materials Mutant | -9/Materials Mutant | -8/Materials Mutant | -8/Storage Resources | -11 -10 -9 -8 -8 ----------- Run | Yrd Mat Mat Mat Sto Matter Collected 1011 | 236 57 445 273 . Remotely . | . . . . . Salvage Created 1327 | . 308 498 258 263 Parts 87 | . 30 28 17 12 Haulers Intercepted 5 | . 1 2 2 . Recyclers Shooed 3 | . 1 2 . . Parts Field Recycled . | . . . . . Retrieved Matter . | . . . . . Parts Self-Destructed . | . . . . . Prevented . | . . . . . Kills | -11 -10 -9 -8 -8 ------- Run | Yrd Mat Mat Mat Sto Combat Hostiles Destroyed 28 | . 10 6 3 9 Melee 1 | . . . . 1 Guns 10 | . 5 5 . . Cannons 8 | . . 1 3 4 AOE 9 | . 5 . . 4 Classes Destroyed 10 | . 6 2 . 2 Worker 1 | . . 1 . . Hauler 5 | . 1 2 2 . Recycler 2 | . 1 1 . . Operator 1 | . 1 . . . Watcher 4 | . 1 3 . . Swarmer 7 | . 7 . . . Grunt 14 | . 3 4 . 7 Protector 1 | . . . . 1 Sentry 5 | . . 2 3 . Demolisher 1 | . . . . 1 Best Kill Streak 8 | . 8 3 2 4 Combat Bots Only 5 | . 5 2 2 4 Max Kills in Single Turn 2 | . 2 1 1 2 Gunslinging . | . . . . . Exploded 2 | . 2 . . 2 Melee 1 | . . . . 1 Uniques/NPCs Destroyed . | . . . . . Combat | -11 -10 -9 -8 -8 -------- Run | Yrd Mat Mat Mat Sto Hostile Shots Fired 211 | . 73 43 10 85 Missed 51 | . 21 13 . 17 Damage Taken 2736 | . 481 442 148 1665 Core 684 | . 72 121 45 446 Absorbed by Shields 12 | . . . . 12 Core Remaining (%) 80 | 100 71 69 . . Volleys Fired 143 | . 48 43 17 35 Largest 2 | . 2 2 2 2 Hottest 112 | . 90 107 107 112 Shots Fired 233 | . 79 70 34 50 Gun 160 | . 74 53 10 23 Cannon 66 | . . 17 24 25 Launcher 7 | . 5 . . 2 Special . | . . . . . Kinetic 100 | . 25 31 17 27 Thermal 117 | . 40 39 17 21 Explosive 7 | . 5 . . 2 Electromagnetic 9 | . 9 . . . Robot Hit Streak 19 | . 10 19 10 11 Robot Miss Streak 5 | . 4 4 1 5 Penetration Max . | . . . . . Secondary Targets . | . . . . . Shots Hit Robots 150 | . 47 50 23 30 Core Hits 67 | . 19 21 5 22 Critical Kills . | . . . . . Critical Parts Destroyed . | . . . . . Critical Strikes 8 | . 2 1 . 5 Burn 3 | . 2 1 . . Blast 3 | . . . . 3 Sever 2 | . . . . 2 Melee Attacks 6 | . . . . 6 Impact . | . . . . . Slashing 6 | . . . . 6 Piercing . | . . . . . Sneak Attacks . | . . . . . Combat Hostiles . | . . . . . Follow-up Attacks . | . . . . . Damage Inflicted 3105 | . 875 782 449 999 Guns 1521 | . 566 588 153 214 Cannons 903 | . . 194 296 413 Explosions 613 | . 309 . . 304 Melee 68 | . . . . 68 Ramming . | . . . . . Kinetic 1128 | . 189 352 244 343 Thermal 1207 | . 288 430 205 284 Explosive 613 | . 309 . . 304 Electromagnetic 89 | . 89 . . . Impact . | . . . . . Slashing 68 | . . . . 68 Piercing . | . . . . . Highest Corruption . | . . . . . Average Corruption . | . . . . . Corruption Purged . | . . . . . Corruption Blocked . | . . . . . Overload Shots . | . . . . . Overflow Damage 34 | . 3 . . 31 Projectiles 16 | . . . . 16 Explosions 18 | . 3 . . 15 Melee . | . . . . . Knockbacks 12 | . . 1 . 11 Impact . | . . . . . Kinetic 9 | . . 1 . 8 Secondary 3 | . . . . 3 Self-Inflicted Damage 31 | . 31 . . . Shots 2 | . 2 . . . Rammed . | . . . . . Targets Rammed . | . . . . . Kicked . | . . . . . Crushed . | . . . . . Highest Temperature 185 | . 77 117 148 185 Average Temperature 43 | . 28 44 43 66 Received Heat Transfer 761 | . 60 198 45 458 Siege Activations . | . . . . . Robots Corrupted . | . . . . . Combat Hostiles . | . . . . . Parts Fried . | . . . . . Impact Corruptions . | . . . . . Robots Melted . | . . . . . Combat Hostiles . | . . . . . Parts Melted 4 | . 3 1 . . Heat Transferred 3024 | . 999 1147 370 508 Parts Sabotaged . | . . . . . Parts Stolen . | . . . . . Parts Stripped . | . . . . . Power Chain Reactions . | . . . . . Alert | -11 -10 -9 -8 -8 ------- Run | Yrd Mat Mat Mat Sto Peak Influence 332 | . 195 181 118 332 Initial 81 | . . 81 43 24 Average 72 | . 106 66 36 193 Maximum Alert Level 1 | . . . . 1 Low Security (%) 94 | 100 100 100 100 31 Level 1 5 | . . . . 68 Level 2 . | . . . . . Level 3 . | . . . . . Level 4 . | . . . . . Level 5 . | . . . . . High Security . | . . . . . Max Security . | . . . . . Squads Dispatched 8 | . 1 . 4 3 Investigation 2 | . . . 2 . Extermination . | . . . . . Reinforcement 3 | . 1 . 1 1 Assault 3 | . . . 1 2 Garrison . | . . . . . Intercept . | . . . . . Searches Triggered . | . . . . . Construction Impeded . | . . . . . Haulers Reinforced . | . . . . . Active Scanning Responses . | . . . . . Cargo Convoy Interrupts . | . . . . . Stealth | -11 -10 -9 -8 -8 --------- Run | Yrd Mat Mat Mat Sto Distress Signals 12 | . 2 2 4 4 Communications Jammed . | . . . . . Distress Signals . | . . . . . Times Spotted 58 | . 21 12 3 22 Peak Tracking Total 11 | . 7 4 2 11 Tactical Retreats 1 | . . 1 . . Traps | -11 -10 -9 -8 -8 ------- Run | Yrd Mat Mat Mat Sto Traps Triggered 1 | . . 1 . . Indirectly . | . . . . . Trap Hack Attempts . | . . . . . Triggered . | . . . . . Disarmed . | . . . . . Reprogrammed . | . . . . . Reused . | . . . . . Traps Extracted . | . . . . . Installed . | . . . . . Triggered . | . . . . . Machines | -11 -10 -9 -8 -8 ---------- Run | Yrd Mat Mat Mat Sto Machines Disabled 4 | . 3 . 1 . Max in Single Turn 1 | . 1 . 1 . Garrison Access 1 | . . . 1 . Machines Repaired . | . . . . . Machines Dismantled . | . . . . . Machines Sabotaged . | . . . . . Overloaded Fab Kills . | . . . . . Hacking | -11 -10 -9 -8 -8 --------- Run | Yrd Mat Mat Mat Sto Machines Accessed 6 | . . 1 4 1 Terminals 5 | . . . 4 1 Fabricators . | . . . . . Repair Stations . | . . . . . Recycling Units . | . . . . . Scanalyzers 1 | . . 1 . . Garrison Access . | . . . . . Total Hacks 14 | . . 6 6 2 Successful 6 | . . 4 2 . Failed 8 | . . 2 4 2 Catastrophic 2 | . . . 1 1 Database Lockouts . | . . . . . Manual 5 | . . . 5 . Terminals 8 | . . . 6 2 Fabricators . | . . . . . Repair Stations . | . . . . . Recycling Units . | . . . . . Scanalyzers 6 | . . 6 . . Garrison Access . | . . . . . Terminal Hacks 2 | . . . 2 . Alert Level 1 | . . . 1 . Hauler Manifests 1 | . . . 1 . Fabricator Hacks . | . . . . . Repair Station Hacks . | . . . . . Recycling Unit Hacks . | . . . . . Scanalyzer 4 | . . 4 . . Insert Component 2 | . . 2 . . Analyze 2 | . . 2 . . Garrison Access Hacks . | . . . . . Unauthorized Hacks . | . . . . . Terminals . | . . . . . Fabricators . | . . . . . Repair Stations . | . . . . . Recycling Units . | . . . . . Scanalyzers . | . . . . . Garrison Access . | . . . . . Data Cores Recovered . | . . . . . Used . | . . . . . Hacking Detections 5 | . . 1 3 1 Full Trace Events 1 | . . 1 . . Feedback Events . | . . . . . Feedback Blocked . | . . . . . Robot Schematics Acquired . | . . . . . Robots Built . | . . . . . Authchips . | . . . . . Time . | . . . . . Total Robot Build Rating . | . . . . . Part Schematics Acquired 2 | . . 2 . . Parts Built . | . . . . . Authchips . | . . . . . Time . | . . . . . Total Part Build Rating . | . . . . . Parts Repaired . | . . . . . Time . | . . . . . Parts Recycled . | . . . . . Recycled Matter . | . . . . . Retrieved Matter . | . . . . . Retrieved Components . | . . . . . Parts Scanalyzed 2 | . . 2 . . Part Schematics Acquired 2 | . . 2 . . Parts Damaged . | . . . . . Bothacking | -11 -10 -9 -8 -8 ------------ Run | Yrd Mat Mat Mat Sto Used RIF Installer . | . . . . . Robots Hacked . | . . . . . Non-combat . | . . . . . Combat . | . . . . . Robot Hacks Applied . | . . . . . Relay Couplers Released 1 | . . . 1 . Machine Destruction 1 | . . . 1 . Fabnet Peak Effective % . | . . . . . Robots Rewired . | . . . . . Allies Hacked . | . . . . . Hacks Repelled . | . . . . . Allies | -11 -10 -9 -8 -8 -------- Run | Yrd Mat Mat Mat Sto Total Allies 12 | . . . . 12 Largest Group 12 | . . . . 12 Highest-Rated Group 235 | . . . . 235 Highest-Rated Ally 31 | . . . . 31 Total Orders 6 | . . . . 6 ROAM 5 | . . . . 5 FOLLOW 1 | . . . . 1 Ally Attacks 87 | . . . . 87 Total Damage 997 | . . . . 997 Kills 12 | . . . . 12 Allies Corrupted . | . . . . . Allies Melted . | . . . . . Intel | -11 -10 -9 -8 -8 ------- Run | Yrd Mat Mat Mat Sto Robot Analysis Total . | . . . . . Derelict Logs Recovered . | . . . . . Drone Launches . | . . . . . Drone Recoveries . | . . . . . Exploration | -11 -10 -9 -8 -8 ------------- Run | Yrd Mat Mat Mat Sto Turns Passed 3581 | 56 568 1483 1175 299 Spaces Moved 2092 | 48 421 781 726 116 Core 26 | 7 . . 9 10 Treads . | . . . . . Legs . | . . . . . Wheels 1688 | 41 325 516 717 89 Hover 377 | . 95 265 . 17 Flight 1 | . 1 . . . Fastest Speed 50 | 50 56 56 90 115 Average Speed 106 | 92 90 107 110 135 Slowest Speed 500 | 100 200 116 500 350 Overloaded Moves . | . . . . . Propulsion Burnouts . | . . . . . Robots Hopped . | . . . . . Cave-ins Triggered . | . . . . . Exploration Rate (%) 40 | 3 83 36 58 20 Regions Visited 4 Branch Regions 1 Pre-discovered Areas . | . . . . . Known Exits Taken 2 | . . 1 1 . Unknown Exits Taken 2 | 1 1 . . . Scrap Searched . | . . . . . Spaces Dug . | . . . . . Terrain Destroyed 37 | . 26 1 1 9 Melee . | . . . . . Projectile 5 | . . 1 1 3 AOE 32 | . 26 . . 6 Terrain Rammed . | . . . . . Walls Destroyed . | . . . . . Machines Disabled . | . . . . . Actions | -11 -10 -9 -8 -8 --------- Run | Yrd Mat Mat Mat Sto Total 3208 | 59 524 1353 1072 200 Wait 828 | . 27 500 274 27 Move 2088 | 47 420 780 725 116 Hop . | . . . . . Pick Up 44 | 6 12 5 19 2 Fast Attach 9 | . . 6 3 . Attach 31 | 6 5 4 8 8 Detach 7 | . . 1 4 2 Swap 27 | . 9 6 9 3 Drop 25 | . 3 8 13 1 Fire 143 | . 48 43 17 35 Melee 6 | . . . . 6 Ram . | . . . . . Kick . | . . . . . Crush . | . . . . . Escape Stasis . | . . . . . Rewire . | . . . . . Trap . | . . . . . Miscellaneous . | . . . . . Route ------- -11/Scrapyard -10/Materials (discovered 3 exits: *Mat x3) -9/Materials -8/Materials (discovered 3 exits: [*Fac] / *Sto x2) -8/Storage History --------- Turn | Location | Event 15 | -11/Scrapyard | Discovered new exit (range 15) 57 | -11/Scrapyard | Entered Materials 161 | -10/Materials | Discovered new exit (range 3) 311 | -10/Materials | Build established: Mutant 375 | -10/Materials | Discovered new exit (range 14) 608 | -10/Materials | Discovered new exit (range 11) 625 | -10/Materials | Entered another Materials area 625 | -9/Materials | Evolved 2 slots: Utility x2 1600 | -9/Materials | Discovered new exit (range 16) 2080 | -9/Materials | Identified exit to Materials 2108 | -9/Materials | Entered another Materials area 2108 | -8/Materials | Evolved 2 slots: Utility x2 2724 | -8/Materials | Discovered new exit (range 15) 3090 | -8/Materials | Discovered new exit (range 15) 3155 | -8/Materials | Met 7R-MNS 3255 | -8/Materials | Discovered new exit (range 12) 3258 | -8/Materials | Identified exit to Storage 3283 | -8/Materials | Entered Storage 3335 | -8/Storage | Assisted by bots powering up and referring to "LRC-V3" 3368 | -8/Storage | Met a pair of Derelict thieves 3458 | -8/Storage | Core integrity fell below 50% 3470 | -8/Storage | Lost 10 allies 3496 | -8/Storage | Lost 9 parts (1p2n1u5w) 3572 | -8/Storage | Core integrity fell below 20% 3582 | -8/Storage | Self-destructed Last Messages --------------- 03518_ U-05 Engineer lays Concrete. 03519_ K-01 Serf collects debris. 03519_ U-05 Engineer lays Concrete. 03520_ K-01 Serf collects debris. 03520_ K-01 Serf destroyed. 03520_ K-01 Serf collects debris. 03520_ U-05 Engineer lays Concrete. 03527_ K-01 Serf collects debris. 03554_ G-47 Trooper knocked back. 03561_ M-28 Smith repairs G-47 Trooper. 03562_ Imp. Light Cannon destroyed. 03565_ G-47 Trooper Particle Gun severed. 03565_ M-28 Smith repairs Imp. Heat Sink. 03567_ Particle Charger destroyed. 03567_ Critical hit (Burn: +37). 03568_ G-47 Trooper Aluminum Leg severed. 03573_ Target Analyzer destroyed. 03577_ G-47 Trooper destroyed. 03581_ Blade Saw destroyed. 03582_ Critical hit (Burn: +37). Map ----- +----------------------------------------------------+ | ???????????????# ! !!## #???????????? | | ???????????????# ## #??#????????? | | ???????????????##" "#### #?[#????????? | | ???????????????# T#?# ## #????????? | | ???????????????# #### =+ #????????? | | ???????????????#### # * =[%#!=#????????? | | ????????????????# ## %#%=########?? | | ??????????????### [ ! [*%[=%=%%= ? | | ???????????#### [ = %![%!= *[ ? | | ???????????# # % [ %%= ! [[! ?? | | ???????????# ## !=%!* ####???? | | ???????????# # ! % ]%[% % | | ???????????# # # %] %** % | | ???????????## ### # # *# ==# % | | ????????????# # # # ?? ? | | ????????????# #### #!!!!# ?? | | ????????????# # ##??# "?? #?? ?? | | ????????????# # #???##T#????#????##?? | | ????????????# ## #?????##????????????? | | ????????????###### #???????????????????? | | ????????########## #???????????????????? | | ????????# # #???????????????????? | | ????????# ^""" # #???????????????????? | | ????????#!! """ # a #???????????????????? | | ????????#! """*#g #???????????????????? | | ????????# ^ =@g ###?????????????????? | | ????????# =#u + "?????????????????? | | ????????# % # #T#?????????????????? | | ????????# ""T"" # ###?????????????????? | | ????????# """"" # #???????????????????? | | ????????########## #???????????????????? | | ??????????# #???????????????????? | | ??????????# #???????????????????? | | ??????????# #???????????????????? | | ??????????############???????????????????? | | ?????????????????????????????????????????? | | ?????????????????????????????????????????? | | ?????????????????????????????????????????? | | ?????????????????????????????????????????? | | ?????????????????????????????????????????? | | ?????????????????????????????????????????? | | ?????????????????????????????????????????? | | ?????????????????????????????????????????? | | | | | | | | | | | | | | | +----------------------------------------------------+ Best States ------------- Heat Dissipation 31 Energy Generation 14 Energy Capacity 265 Matter Stores 300 Matter Capacity 300 Sight Range 16 Robot Scan Range 15 Terrain Scan Density 110 ECM Strength 1 Evasion (%) 53 Target Analysis 5 Item Schematics ----------------- Adv. Beam Cannon | -9/Materials | Scanalyzed Imp. Sensor Array | -9/Materials | Scanalyzed Robot Schematics ------------------ None Fabricated ------------ Nothing Alien Tech Used ----------------- None Achievements -------------- None Challenges ------------ None Game ------ Seed SupersonicWarpPerforator Manual? 0 Play Time 00:48:14 Cumulative 11.5 hours Start 2024.07.31 @ 16:53:42 End 2024.07.31 @ 20:38:25 Sessions 3 Manual Loads 0 Difficulty Rogue Special Mode None Game No. 19 Rogue 15 Adventurer 4 Explorer 0 Win Type - Total 0 Types 0/0/0/0/0/0/0/0/0 Lore% 3 Gallery% 17 Achievement% 13 Wizard Run 0 Options --------- Layout 1 ASCII 0 Keyboard 0 Movement Mouse Keybinds 0 Fullscreen 2 Font 24/Smallcaps Map View 50x35 Zoom Use 0% Tactical HUD 1 Map Filters NONE Filters NONE Steam 1 RUN: 8e1d178d-6314-4d68-87ac-9da55322a814